 Dungeon Crawl Stone Soup version 0.32-a0-918-g0f22ef8d61 (webtiles) character file.

Game seed: 4049921575682073614

4558 Zorhk the Protected (level 10, -11/84 HPs)
             Began as an Armataur Fighter on Apr 11, 2024.
             Was a Believer of Wu Jian.
             Succumbed to orange demon's concentrated venom
             ... on level 8 of the Dungeon.
             The game lasted 00:43:08 (7735 turns).

Zorhk the Protected (Armataur Fighter)              Turns: 7735, Time: 00:43:08

Health: -11/84     AC: 12    Str: 23    XL:     10   Next: 18%
Magic:  1/10       EV:  6    Int:  8    God:    Wu Jian [**....]
Gold:   334        SH:  5    Dex: 13    Spells: 9/9 levels left

rFire   . . .        y - +2 whip (elec)
rCold   . . .        c - +0 buckler
rNeg    . . .        t - +2 chain mail {rPois}
rPois   +            (no helmet)
rElec   .            (no cloak)
rCorr   .            (no gloves)
SInv    .            (no barding)
Will    .....        z - amulet of guardian spirit Stlth
                     (no ring)
HPRegen 0.34/turn    (no ring)
MPRegen 0.12/turn

%: guardian spirit, roll
@: lethally poisoned (-11 -> -53), about to teleport, slowed, very slow
A: large, deformed body, tough skin 3, armoured tail, rollpage 2
a: Renounce Religion, Wall Jump


You were on level 8 of the Dungeon.
You worshipped Wu Jian.
Wu Jian was pleased with you.
You visited 2 branches of the dungeon, and saw 9 of its levels.

You collected 334 gold pieces.

Inventory:

Hand Weapons
 a - a +0 flail
 k - a +1 dagger of venom
 w - a +1 hand axe of venom
 y - a +2 whip of electrocution (weapon)
 B - a +3 heavy war axe
 F - a +3 whip
 J - a +2 spear
 M - a +2 trident of draining
 Q - a +1 morningstar of freezing
Missiles
 d - a curare-tipped dart
 g - 11 poisoned darts (quivered)
 i - a throwing net
 R - 5 atropa-tipped darts
Armour
 b - a +0 scale mail
 c - a +0 buckler (worn)
 t - a +2 chain mail of poison resistance (worn)
 x - a +2 leather armour of cold resistance
 D - a +0 helmet
 N - an orb of guile
Magical Staves
 O - a staff of alchemy
Jewellery
 z - an amulet of guardian spirit (around neck)
Wands
 H - a wand of paralysis (6)
 L - a wand of warping (6)
Scrolls
 e - 2 scrolls of poison
 f - 6 scrolls of teleportation
 h - 2 scrolls of vulnerability {unknown}
 l - 4 scrolls of identify
 m - a scroll of blinking {unknown}
 o - 3 scrolls of immolation {unknown}
 p - 3 scrolls of revelation {unknown}
 A - a scroll of torment {unknown}
 G - 2 scrolls of fear {unknown}
 I - a scroll of noise {unknown}
 K - a scroll of enchant armour {unknown}
Potions
 j - 2 potions of attraction {unknown}
 n - a potion of degeneration {unknown}
 q - 4 potions of curing {unknown}
 r - a potion of heal wounds {unknown}
 s - a potion of mutation {unknown}
 u - 2 potions of cancellation {unknown}
 v - 2 potions of berserk rage {unknown}
 C - a potion of brilliance {unknown}
 E - a potion of magic {unknown}
 P - a potion of enlightenment {unknown}


   Skills:
 + Level 6.6 Fighting
 + Level 5.0 Short Blades
 + Level 5.7 Maces & Flails
 + Level 10.3 Armour
 + Level 3.0 Dodging
 + Level 0.8 Stealth
 + Level 6.4 Shields


You had 9 spell levels left.
You didn't know any spells.
Your spell library contained the following spells:

 Spells                   Type           Power      Damage    Failure   Level
 Magic Dart               Conj           0%         1d3       93%         1
 Sandblast                Erth           0%         2d4       93%         1
 Blink                    Tloc           0%         N/A       98%         2
 Call Imp                 Summ           0%         N/A       98%         2
 Stone Arrow              Conj/Erth      0%         3d7       100%        3
 Brom's Barrelling Bould  Conj/Erth      0%         2d3       100%        4
 Iskenderun's Battlesphe  Conj           0%         2d6       100%        5
 Bombard                  Conj/Erth      0%         9d1       100%        6
 Spellforged Servitor     Conj/Summ      0%         N/A       100%        7


Dungeon Overview and Level Annotations

Branches:
Dungeon (8/15)             Temple (1/1) D:4
   Lair: D:8-11

Altars:
Ashenzari
Cheibriados
Dithmenos
Elyvilon
Fedhas
Gozag
Hepliaklqana
Makhleb
Qazlal
Trog
Uskayaw
Vehumet
Wu Jian
Xom
Yredelemnul
Zin
The Shining One

Shops:
D:1 ?   D:6 =:


Innate Abilities, Weirdness & Mutations

Armour fits poorly on your strangely shaped body.
You have extremely tough skin. (AC +3)
You have a long armoured tail.
You regenerate magic and health when rolling toward enemies. (Rampage Regen)


Message History

Your life force feels restored.
Your Dodging skill increases to level 3!
What are your orders? t - Shout!
Orders for allies: a - Attack new target. r - Retreat! s - Stop attacking. g - Guard the area. f - Follow me.
Anything else - Cancel.
Okay, then.
Throw: 12 darts (poison)
Press: ? - help, Q - select action, (/) - cycle Shift-Dir - straight line, f - orange demon
Aim: an orange demon (concentrated venom, 69% to hit)
You throw a poisoned dart.
The poisoned dart hits the orange demon.
The orange demon is poisoned.
You feel very sick.
The orange demon stings you but does no damage.
You feel sick. The orange demon barely misses you.
The orange demon hits you but does no damage.
There is an open door, spattered with blood here.
Things that are here:
a -2 demon whip of venom; the demonspawn corpse of Amaemon You hit the orange demon.
You tail-slap the orange demon.
The orange demon is lightly wounded.
You feel sick. The orange demon stings you!
* * * LOW HITPOINT WARNING * * *
You block the orange demon's attack.
You hit the orange demon.
Lightning courses through the orange demon!
The orange demon is moderately wounded.
You feel sick. The orange demon stings you.
* * * LOW HITPOINT WARNING * * *
You are lethally poisoned!
You have difficulty breathing.
* * * LOW HITPOINT WARNING * * *
You feel yourself slow down.
The orange demon hits you but does no damage.
As you read the scroll of teleportation, it crumbles to dust.
You feel strangely unstable.
You die...

########+########+######+###
..........#..>..#...........
..........#.....#4..........
..........#.....@...........
.####.##.##'#######..######
'####.##.##.#.. #..##..####
.......#....#... #6.†.......
.......#....#.... #4.........
.......#....#.....#..s.......
.......#....#.....'..........
.......#....#....4#..........
.......+....#.....#..........


You could see an orange demon (curare, poisoned).

Vanquished Creatures
  Amaemon (D:8)
  Pikel (D:5)
  Jeremiah (D:7)
  Grinder (D:5)
  Prince Ribbit (D:7)
  Menkaure (D:5)
  2 water moccasins
  4 sky beasts
  A black bear (D:7)
  An ice beast (D:6)
  4 phantoms
  A kobold brigand (D:6)
  2 bullfrogs (D:6)
  3 scorpions
  7 wights (D:7)
  4 killer bees (D:8)
  3 bombardier beetles
  A howler monkey (D:8)
  4 hounds
  An orc priest (D:3)
  2 jellies (D:5)
  A gnoll bouda (D:6)
  3 iguanas
  3 orc wizards (D:6)
  8 gnolls
  10 adders
  A white imp (D:6)
  2 ufetubi (D:5)
  3 dart slugs
  4 ribbon worms
  14 orcs
  4 ball pythons
  8 endoplasms
  2 giant cockroaches
  6 goblins
  7 hobgoblins
  5 jackals
  14 kobolds
  7 quokkas
  5 bats
  8 frilled lizards
  12 rats
173 creatures vanquished.

Notes
Turn   | Place    | Note
-------+----------+-------------------------------------------
     0 | D:1      | Zorhk the Armataur Fighter began the quest for the Orb.
     0 | D:1      | Reached XP level 1. HP: 18/18 MP: 1/1
   108 | D:1      | Reached XP level 2. HP: 14/26 MP: 2/2
   246 | D:1      | Found Noathuuh's Magic Scroll Shop.
   605 | D:1      | Reached XP level 3. HP: 25/31 MP: 3/3
  1424 | D:2      | You fall into a shaft and drop 1 floor!
  1447 | D:3      | Reached skill level 1 in Short Blades
  1447 | D:3      | Reached skill level 4 in Armour
  1447 | D:3      | Reached XP level 4. HP: 38/38 MP: 4/4
  1708 | D:3      | Found an ornate altar of the Wu Jian Council.
  1725 | D:3      | Became a worshipper of the Wu Jian Council
  1890 | D:3      | Reached XP level 5. HP: 23/45 MP: 5/5
  1991 | D:3      | Reached skill level 1 in Dodging
  2273 | D:3      | Found a glowing golden altar of the Shining One.
  2494 | D:4      | Noticed a phantom
  2521 | D:4      | Killed a phantom
  2522 | D:4      | Reached skill level 5 in Armour
  2522 | D:4      | Reached XP level 6. HP: 42/52 MP: 6/6
  2705 | D:4      | Reached * piety under Wu Jian
  2877 | D:4      | Found a staircase to the Ecumenical Temple.
  2891 | Temple   | Entered the Ecumenical Temple
  3344 | D:5      | Entered Level 5 of the Dungeon
  3528 | D:5      | Reached skill level 6 in Armour
  3535 | D:5      | Gained mutation: You regenerate magic and health when
                  | rolling toward enemies. (Rampage Regen) [Armataur growth]
  3535 | D:5      | Reached XP level 7. HP: 53/59 MP: 7/7
  3580 | D:5      | Noticed Pikel
  3597 | D:5      | Killed Pikel
  3598 | D:5      | Reached XP level 8. HP: 22/67 MP: 8/8
  3750 | D:5      | Noticed Grinder
  3750 | D:5      | Paralysed by Grinder for 3 turns
  3768 | D:5      | Killed Grinder
  3769 | D:5      | Reached skill level 7 in Armour
  4001 | D:5      | Reached skill level 5 in Shields
  4055 | D:5      | Found a glowing silver altar of Zin.
  4060 | D:5      | Noticed Menkaure
  4074 | D:5      | Killed Menkaure
  4328 | D:5      | Reached skill level 5 in Fighting
  4443 | D:5      | Reached skill level 5 in Short Blades
  4668 | D:5      | Reached ** piety under Wu Jian
  5040 | D:6      | Reached skill level 8 in Armour
  5347 | D:6      | Reached XP level 9. HP: 51/74 MP: 6/9
  5602 | D:6      | Found Anloj's Tiny Tomes.
  6016 | D:6      | Found Zuasuhul's Jewellery Shoppe.
  6040 | D:6      | Found a burning altar of Makhleb.
  6442 | D:7      | Reached skill level 9 in Armour
  6577 | D:7      | Noticed Prince Ribbit
  6589 | D:7      | Killed Prince Ribbit
  6590 | D:7      | Reached skill level 5 in Maces & Flails
  6915 | D:7      | Noticed Jeremiah
  6958 | D:7      | Killed Jeremiah
  7425 | D:8      | Reached skill level 10 in Armour
  7429 | D:8      | Reached XP level 10. HP: 47/79 MP: 7/10
  7701 | D:8      | Noticed Amaemon
  7701 | D:8      | Noticed an orange demon
  7730 | D:8      | Killed Amaemon
  7734 | D:8      | HP: 3/84 [asphyx]
  7735 | D:8      | Succumbed to orange demon's concentrated venom

Illustrated notes

Levels and vault maps discovered:
D:1:      shiori_arrival_oz, layout_loops_ring, serial_shops,
          nicolae_square_shop, serial_bayou_pond_d, lexackson_kobold_supper
D:2:      layout_loops_ring, hellmonk_ecumenical_altar_blasted, serial_glass,
          glass_columns_c, glass_columns_c, minivault_11,
          nicolae_concentric_dashed_squares_wild, grunt_ministairs_14,
          grunt_decor_junction, kennysheep_generic_room_9,
          uniq_crazy_yiuf_cottage
D:3:      layout_rooms, lemuel_coloured_pillars_altar,
          nicolae_wu_jian_immortal_techniques, roderic_serpentine_path,
          minmay_misc_feat_columns, grunt_ministairs_14,
          chequers_serial_rivers_small_a, patterned_corridor
D:4:      layout_loops_cross, minmay_temple_entry_trees
D:5:      layout_basic, mainiacjoe_overflow_brackets, nrook_uturn,
          nicolae_twisty_statue_hallways, uniq_menkaure, uniq_grinder,
          uniq_pikel
D:6:      layout_basic, bloody_makhleb, serial_shops, shop,
          grunt_decor_mini_mirrors, nicolae_shop_i_like_small_books_too
D:7:      layout_loops_ring, uniq_prince_ribbit1, uniq_jeremiah
D:8:      layout_gridville, nemelex_xobeh_ov_fountains_minmay,
          dpeg_oklobed_lair, uniq_amaemon, uniq_psyche
Temple:   hellmonk_temple_forest_ring

Skill      XL: |  1  2  3  4  5  6  7  8  9 10 |
---------------+-------------------------------+-----
Fighting       | 3 4 5 6 |  6.6
Maces & Flails | 2 3 5 |  5.7
Short Blades   | 1 2 3 4 5 |  5.0
Armour         | 4 5 6 8 10 | 10.3
Dodging        | 1 2 3 |  3.0
Shields        | 4 5 6 |  6.4
Stealth        | |  0.8

Action                     |  1- 3 |  4- 6 |  7- 9 | 10-12 || total
---------------------------+-------+-------+-------+-------++-------
  Melee: Flail             |    61 |       |       |       ||    61
         Tailslap          |    14 |    25 |    39 |     3 ||    81
         Dagger            |   112 |   197 |    18 |       ||   327
         Whip              |       |       |   375 |    31 ||   406
  Throw: Dart              |       |       |       |     1 ||     1
Ability: Lunge             |       |    11 |    27 |       ||    38
         Whirlwind         |       |     1 |    11 |     3 ||    15
    Use: Scroll            |     1 |       |     1 |     1 ||     3
         Potion            |       |       |     2 |       ||     2
 Armour: Scale mail        |   135 |    39 |       |       ||   174
         Chain mail        |       |    89 |   291 |    45 ||   425
  Dodge: Dodged            |    47 |    33 |    76 |    15 ||   171
  Block: Buckler           |    32 |    38 |    56 |     6 ||   132

Table legend: (Time is in decaauts)
 A = Elapsed time spent in this place.
 B = Non-inter-level travel time spent in this place.
 C = Inter-level travel time spent in this place.
 D = Time resting spent in this place.
 E = Time spent auto-exploring this place.
 F = Levels seen in this place.
 G = Mean time per level.
                   A        B        C        D        E       F      G
               +--------+--------+--------+--------+--------+-----+--------+
         Total |   7718 |   7340 |    378 |   1135 |   3970 |   9 |  857.6 |
       Dungeon |   7664 |   7340 |    324 |   1135 |   3970 |   8 |  958.0 |
        Temple |     54 |      0 |     54 |      0 |      0 |   1 |   54.0 |
               +--------+--------+--------+--------+--------+-----+--------+

Top non-repeatable levels by time:
     D:5: 1598 daAuts
     D:6: 1382 daAuts
     D:7: 1070 daAuts
     D:3: 1062 daAuts
     D:1: 1052 daAuts
     D:4: 793 daAuts
     D:2: 393 daAuts
     D:8: 310 daAuts
  Temple: 54 daAuts
